 Dungeon Crawl Stone Soup version 0.23-a0-329-g6f3f904 (webtiles) character file.

8521 namelastname112 the Thrower (level 11, -2/95 HPs)
             Began as a Pale Draconian Hunter on Oct 16, 2018.
             Was a High Priest of Okawaru.
             Blown up by an orc warrior (18 damage)
             ... with a wand of disintegration (14)
             ... on level 9 of the Dungeon.
             The game lasted 00:21:43 (10357 turns).

namelastname112 the Thrower (DrHu)                 Turns: 10357, Time: 00:21:44

Health: -2/95      AC: 10    Str: 18    XL:     11   Next: 11%
Magic:  16/16      EV: 16    Int: 15    God:    Okawaru [*****.]
Gold:   461        SH:  0    Dex: 14    Spells: 10/10 levels left

rFire    . . .     SeeInvis .   B - +4 dagger (venom)
rCold    . . .     Gourm    .   (no shield)
rNeg     . . .     Faith    +   (armour unavailable)
rPois    .         Spirit   .   (helmet restricted)
rElec    .         Reflect  .   y - +2 cloak
rCorr    .         Harm     .   (no gloves)
MR       .....                  (no boots)
Stlth    ++........             D - amulet of faith
HPRegen  0.25/turn              v - +3 ring of strength
MPRegen  0.15/turn              K - +3 ring of intelligence

@: no status effects
A: breathe steam, unfitting armour, cold-blooded, AC +7
a: Breathe Steam, Heroism, Finesse, Renounce Religion


You were on level 9 of the Dungeon.
You worshipped Okawaru.
Okawaru was extremely pleased with you.
You were not hungry.

You visited 2 branches of the dungeon, and saw 10 of its levels.

You collected 461 gold pieces.

Inventory:

Hand Weapons
 B - a +4 dagger of venom (weapon)
 E - a +2 quarterstaff of chaos
Missiles
 w - 6 curare-tipped needles
 M - 3 tomahawks (quivered)
Armour
 c - a +0 pair of boots of running
 y - a +2 cloak (worn)
Jewellery
 n - an uncursed amulet of rage
 v - a +3 ring of strength (left hand)
 D - an amulet of faith (around neck)
 K - a +3 ring of intelligence (right hand)
Wands
 o - a wand of scattershot (3)
 C - a wand of digging (12)
 F - a wand of iceblast (19)
Scrolls
 b - 3 scrolls of identify
 e - 2 scrolls of blinking
 g - a scroll of fog
 k - 6 scrolls of teleportation
 l - 2 scrolls of amnesia
 u - a scroll of enchant armour
 x - a scroll of immolation
 G - 3 scrolls of remove curse
Potions
 a - a potion of invisibility
 f - 2 potions of flight
 h - a potion of curing
 i - a potion of lignification
 m - 2 potions of resistance {unknown}
 p - 2 potions of agility
 s - a potion of ambrosia {unknown}
 t - 3 potions of brilliance
 z - 5 potions of haste
 A - a potion of might
 I - 2 potions of mutation
 L - a potion of magic
Comestibles
 d - 5 rations


   Skills:
 + Level 8.6 Fighting
 * Level 5.1 Staves
 * Level 10.5 Throwing
 + Level 7.2 Dodging
 - Level 0.8 Stealth
 + Level 6.9 Invocations


You had 10 spell levels left.
You didn't know any spells.
Your spell library was empty.

Dungeon Overview and Level Annotations

Branches:
Dungeon (9/15)             Temple (1/1) D:5
   Lair: D:8-11         Orc: D:9-12

Altars:
Ashenzari
Cheibriados
Dithmenos
Elyvilon
Fedhas
Gozag
Hepliaklqana
Kikubaaqudgha
Makhleb
Nemelex Xobeh
Okawaru
Qazlal
Ru
Sif Muna
Trog
Uskayaw
Vehumet
Wu Jian
Xom
Yredelemnul
Zin
The Shining One

Shops:
D:8 [

Annotations:
D:5 3 runed doors, namelastname112's ghost, amateur DrWn


Innate Abilities, Weirdness & Mutations

You can breathe blasts of scalding, opaque steam.
Your pale cyan-grey scales are hard. (AC +7)
You cannot fit into any form of body armour.
You are cold-blooded and may be slowed by cold attacks.


Message History

The kobold shouts!
You hit the orc warrior but do no damage.
The orc warrior looks as sick as possible!
The orc warrior is heavily wounded.
The orc warrior zaps a wand.
You are blasted!
* * * LOW HITPOINT WARNING * * *
You take 13 damage, and have 24/95 hp.
Okay, then.
Evoke which item? (* to show all) (? for menu, Esc to quit)
Aiming: Scattershot
Press: ? - help, Shift-Dir - straight line, f/p - orc warrior
Aim: an orc warrior, wielding a +0 scimitar, wearing a +0 plate armour and The burst of metal fragments hits the orc warrior. x4
The orc warrior is heavily wounded.
The orc warrior hits you with a +0 scimitar!
* * * LOW HITPOINT WARNING * * *
You take 9 damage, and have 15/95 hp.
You have got your breath back.
The orc warrior zaps a wand.
You are blasted!
You die...

########.. . #......... ..
#.######.. ... ..# # .... ..#
#.###############Kl...
..######..##.#(.@..o))K(())K(....
................############r.)..
#.######>#.#........... .... #.#
#.##.#.#.####### .P. #.#
#.###.##.# .P #.######.# ## #.# .
#.(...##.# #.# #####.##.# #.#
#.##.######.#


You could see an orc warrior and a kobold.

Vanquished Creatures
  Harold (D:9)
  Pikel (D:7)
  A centaur zombie (D:8)
  Prince Ribbit (D:7)
  Grinder (D:6)
  3 hippogriffs
  3 wyverns (D:9)
  4 yaks (D:9)
  A wraith (D:7)
  Grum (D:9)
  A hungry ghost (D:9)
  A water moccasin (D:8)
  Duvessa (D:7)
  A porcupine (D:9)
  3 orc warriors
  2 phantoms
  4 black bears
  2 ice beasts
  4 ogres
  3 wolves (D:9)
  2 big kobolds (D:9)
  A centaur (D:8)
  An elf zombie (D:7)
  2 bullfrogs
  A scorpion (D:5)
  16 killer bees
  4 howler monkeys
  3 crimson imps
  4 hounds
  4 jellies
  6 orc wizards
  2 quasits (D:8)
  2 bullfrog skeletons
  2 orc priests
  5 human zombies (D:7)
  Terence (D:3)
  Crazy Yiuf (D:7)
  A human skeleton (D:7)
  An iguana (D:5)
  7 worker ants
  A killer bee zombie (D:6)
  A hound zombie (D:7)
  2 hound skeletons
  2 mummies (D:7)
  Robin (D:2)
  7 gnolls (D:2)
  12 adders
  A shadow imp (D:9)
  2 adder skeletons
  2 worms
  3 dart slugs
  8 leopard geckos
  13 orcs
  5 giant cockroaches
  18 goblins
  11 hobgoblins
  4 jackals
  A quokka (D:3)
  A ball python (D:5)
  7 bats
  3 frilled lizards
  18 kobolds
  An orc skeleton (D:7)
  9 rats
  A plant (D:1)
239 creatures vanquished.

Vanquished Creatures (others)
  2 slaves (D:7)
  Dowan (D:7)
  A killer bee (D:7)
  A wight (D:7)
  A jelly (D:7)
  22 fungi (D:9)
  20 plants (D:9)
48 creatures vanquished.

Grand Total: 287 creatures vanquished

Notes
Turn   | Place    | Note
-------+----------+-------------------------------------------
     0 | D:1      | namelastname112 the Draconian Hunter began the quest for
                  | the Orb.
     0 | D:1      | Reached XP level 1. HP: 17/17 MP: 1/1
    85 | D:1      | namelastname112: ??shadow mimic
    85 | D:1      | beem: shadow mimic[1/1]: Dithmenos' **** power (passive).
                  | Your shadow mimicks your attacks with a frequency depending
                  | on piety, 10% chance at **** and 50% at 200 piety. Melee
                  | and ranged weapons use an unbranded +0 weapon of your
                  | wielded type, and conjurations use "shadow shard" or
                  | "shadow bolt", dealing nonelemental damage regardless of
                  | your conjuration. Hexes make a second hex attempt.
   240 | D:1      | Reached XP level 2. HP: 24/25 MP: 2/2
   747 | D:1      | Reached skill level 4 in Throwing
   927 | D:2      | Reached XP level 3. HP: 25/30 MP: 3/3
  1664 | D:2      | Reached XP level 4. HP: 15/38 MP: 4/4
  2099 | D:2      | Reached XP level 5. HP: 18/45 MP: 5/5
  2441 | D:2      | Noticed Robin
  2453 | D:2      | Killed Robin
  2484 | D:2      | Reached skill level 5 in Throwing
  2956 | D:3      | Noticed an ogre
  2975 | D:3      | Killed an ogre
  2975 | D:3      | Reached XP level 6. HP: 4/52 MP: 6/6
  3436 | D:3      | Noticed Terence
  3447 | D:3      | Killed Terence
  4468 | D:4      | Reached skill level 6 in Throwing
  4468 | D:4      | Your scales start taking on a pale cyan-grey colour.
  4468 | D:4      | Reached XP level 7. HP: 55/60 MP: 7/7
  4794 | D:5      | Entered Level 5 of the Dungeon
  4803 | D:5      | Found a runed gate.
  4803 | D:5      | Found a runed gate.
  4803 | D:5      | Found a runed gate.
  4811 | D:5      | Noticed namelastname112's ghost (amateur DrWn)
  5162 | D:5      | Found a staircase to the Ecumenical Temple.
  5308 | Temple   | Entered the Ecumenical Temple
  5348 | Temple   | Became a worshipper of Warmaster Okawaru
  5431 | D:5      | Found an opulent altar of Gozag.
  5457 | D:5      | Reached skill level 5 in Fighting
  5615 | D:5      | Reached skill level 1 in Invocations
  5903 | D:6      | Reached * piety under Okawaru
  5903 | D:6      | Reached skill level 7 in Throwing
  5903 | D:6      | Reached XP level 8. HP: 69/69 MP: 9/9
  6126 | D:6      | Noticed Grinder
  6134 | D:6      | Killed Grinder
  6343 | D:6      | Reached skill level 5 in Dodging
  6516 | D:7      | Reached ** piety under Okawaru
  6529 | D:7      | HP: 3/70 [poisoned by a killer bee]
  6529 | D:7      | Reached skill level 8 in Throwing
  6605 | D:7      | Reached XP level 9. HP: 10/78 MP: 11/11
  6986 | D:7      | Noticed Pikel
  7006 | D:7      | Killed Pikel
  7284 | D:7      | Reached *** piety under Okawaru
  7343 | D:7      | Received a gift from Okawaru
  7361 | D:7      | Found a basalt altar of Yredelemnul.
  7374 | D:7      | Reached skill level 9 in Throwing
  7398 | D:7      | Reached skill level 5 in Invocations
  7489 | D:7      | Killed Dowan
  7929 | D:7      | Noticed Duvessa
  7933 | D:7      | Noticed Prince Ribbit
  7935 | D:7      | Killed Duvessa
  7935 | D:7      | Reached **** piety under Okawaru
  7946 | D:7      | Killed Prince Ribbit
  8382 | D:7      | Found a runed door.
  8386 | D:7      | Noticed Crazy Yiuf
  8388 | D:7      | Killed Crazy Yiuf
  8388 | D:7      | Reached XP level 10. HP: 86/86 MP: 14/14
  8757 | D:8      | Reached skill level 1 in Staves
  8935 | D:8      | Found Paps's Armour Shop.
  9642 | D:8      | Identified a scroll of acquirement
  9652 | D:9      | Received a gift from Okawaru
  9745 | D:9      | Noticed Grum
  9757 | D:9      | Reached skill level 10 in Throwing
  9766 | D:9      | Killed Grum
  9766 | D:9      | Received a gift from Okawaru
 10051 | D:9      | Reached ***** piety under Okawaru
 10062 | D:9      | Received a gift from Okawaru
 10277 | D:9      | Noticed Harold
 10290 | D:9      | Killed Harold
 10297 | D:9      | Received a gift from Okawaru
 10299 | D:9      | Reached XP level 11. HP: 46/95 MP: 16/16
 10327 | D:9      | Reached skill level 5 in Staves
 10333 | D:9      | Received a gift from Okawaru
 10357 | D:9      | Blown up by an orc warrior

Vault maps used:
D:1:      roderic_crop_circles_arrival_large, minmay_misc_feat_chi
D:2:      minmay_wonky_spiral, minmay_pentomino_w4, uniq_robin
D:3:      first_ration, uniq_terence
D:4:      minmay_misc_feat_nine_boxes, kennysheep_generic_room_8
D:5:      temple_fountains, ebering_ghost_rock_garden, basic_altar
D:6:      kennysheep_decorative_pillar, uniq_grinder
D:7:      lemuel_mausoleum_altar_yredelemnul, wad_floor_pattern_untrapped,
          uniq_prince_ribbit1, uniq_pikel, uniq_duvessa, uniq_crazy_yiuf_cottage
D:8:      serial_shops, shop
D:9:      grunt_lair_entry_orc_guard_hut, serial_shops, shop, uniq_harold,
          uniq_grum
Temple:   compressed_dpeg_circular_temple

Skill      XL: |  1  2  3  4  5  6  7  8  9 10 11 |
---------------+----------------------------------+-----
Dodging        | 2 3 4 5 6 7 |  7.2
Throwing       | 4 5 6 7 8 9 10 | 10.5
Fighting       | 3 4 5 6 7 8 |  8.6
Invocations    | 1 3 5 6 |  6.9
Staves         | 4 5 |  5.1
Stealth        | |  0.8

Action                   |  1- 3 |  4- 6 |  7- 9 | 10-12 || total
-------------------------+-------+-------+-------+-------++-------
Melee: Short sword       |   206 |   255 |    89 |       ||   550
       Tailslap          |    31 |    28 |    46 |    18 ||   123
       Dagger            |       |       |   199 |   127 ||   326
Throw: Javelin           |     4 |    13 |    17 |    27 ||    61
       Throwing net      |       |     1 |     2 |     1 ||     4
       Tomahawk          |       |    19 |    66 |    34 ||   119
 Abil: Evoke Berserk Rag |     1 |     3 |       |       ||     4
       Breathe Steam     |       |       |    16 |    12 ||    28
Evoke: Wand              |       |       |       |     3 ||     3
  Use: Potion            |       |     5 |     4 |       ||     9
       Scroll            |       |       |    14 |     2 ||    16
 Stab: Sleeping          |     1 |     3 |     2 |       ||     6
  Eat: Ration            |     1 |       |     1 |     1 ||     3
       Chunk             |       |    12 |    11 |     7 ||    30
Armor: Skin              |    48 |    96 |   127 |    45 ||   316
Dodge: Dodged            |   101 |   183 |   244 |   129 ||   657

Table legend:
 A = Non-vault XP
 B = Vault XP
 C = Vault XP percentage of total XP
 D = Non-vault monster count
 E = Vault monster count
 F = Vault count percentage of total count
                 A         B        C        D         E       F
            +---------+---------+-------+---------+---------+-------
      Total |    8059 |    4115 |  33.8 |     189 |      49 |  20.6
            +---------+---------+-------+---------+---------+-------
        D:1 |      25 |       0 |   0.0 |      14 |       0 |   0.0
        D:2 |     156 |      69 |  30.7 |      31 |      23 |  42.6
        D:3 |     233 |      38 |  14.0 |      27 |       1 |   3.6
        D:4 |     226 |       0 |   0.0 |       6 |       0 |   0.0
        D:5 |     601 |       0 |   0.0 |      24 |       0 |   0.0
        D:6 |     599 |     272 |  31.2 |      11 |       1 |   8.3
        D:7 |    1679 |    1671 |  49.9 |      24 |      15 |  38.5
        D:8 |    1912 |       0 |   0.0 |      18 |       0 |   0.0
        D:9 |    2628 |    2065 |  44.0 |      34 |       9 |  20.9
            +---------+---------+-------+---------+---------+-------
